[Event "Late-Titled-Tuesday-Blitz-June-04-2024"]
[Site "Chess.com"]
[Date "2024.06.04"]
[Round "8"]
[White "giovannibrandao7"]
[Black "betta2004"]
[Result "1-0"]
[WhiteElo "2353"]
[BlackElo "2527"]
[TimeControl "180+1"]
[EndTime "15:21:13 PDT"]
[Termination "giovannibrandao7 won by checkmate"]

1. e4 e6 2. d4 d5 3. Nd2 dxe4 4.
Nxe4 Nf6 5. Bg5 Be7 6. Bxf6 gxf6 7. Nf3 f5 8. Nc3 a6 9. d5 Bf6 10. dxe6 Bxe6 11. Qxd8+ Kxd8 12. O-O-O+ Kc8 13. Nd5 Bg7 14. Ne7# 1-0

[Event "Late-Titled-Tuesday-Blitz-June-04-2024"]
[Site "Chess.com"]
[Date "2024.06.04"]
[Round "8"]
[White "Agustin_Meza"]
[Black "Nemsko"]
[Result "1-0"]
[WhiteElo "2188"]
[BlackElo "2317"]
[TimeControl "180+1"]
[EndTime "15:22:06 PDT"]
[Termination "Agustin_Meza won by resignation"]

1. e4 e5 2. Nf3 Nc6 3. Bb5 a6 4.
Ba4 Nf6 5. O-O b5 6. Bb3 Be7 7. a4 b4 8. a5 O-O 9. Re1 d6 10. d3 Bg4 11. h3 Bh5 12. Be3 h6 13. Nbd2 Rb8 14. Nf1 Nd4 15. Bxd4 exd4 16. Ng3 Bxf3 17. Qxf3 c5 18. Bc4 Qc8 19. Nf5 Re8 20. Qg3 1-0

[Event "Late-Titled-Tuesday-Blitz-June-04-2024"]
[Site "Chess.com"]
[Date "2024.06.04"]
[Round "8"]
[White "Ramosha"]
[Black "Chigorinetz"]
[Result "0-1"]
[WhiteElo "2624"]
[BlackElo "2558"]
[TimeControl "180+1"]
[EndTime "15:22:21 PDT"]
[Termination "Chigorinetz won by checkmate"]

1. e4 c5 2. Nf3 Nc6 3. d4 cxd4 4. Nxd4 g6 5. c4 Bg7 6. Be3 Nf6 7. Nc3 Ng4 8. Qxg4 Nxd4 9. Qd1 Ne6 10. Qd2 Qa5 11. Rc1 b6 12. a3 Bb7 13. f3 f5 14. exf5 gxf5 15. Bd3 Rg8 16. O-O f4 17. Bxf4 Qh5 18. Nd5 Bxd5 19. cxd5 Nxf4 20. Qxf4 Be5 21. Qf5 Rxg2+ 22.
Kxg2 Qxh2# 0-1

[Event "Late-Titled-Tuesday-Blitz-June-04-2024"]
[Site "Chess.com"]
[Date "2024.06.04"]
[Round "8"]
[White "Attacker_2006"]
[Black "HeinichessPY"]
[Result "1-0"]
[WhiteElo "2499"]
[BlackElo "2263"]
[TimeControl "180+1"]
[EndTime "15:22:39 PDT"]
[Termination "Attacker_2006 won by resignation"]

1. e4 e6 2. Nf3 d5 3. exd5 exd5 4.
d4 Nc6 5. h3 Bd6 6. Bd3 Nge7 7.
c3 Bf5 8. Qc2 Qd7 9. Be3 O-O-O 10. Nbd2 f6 11. O-O-O Bxd3 12. Qxd3 Nf5 13. g4 Nxe3 14.
fxe3 Rhe8 15. Rhe1 Na5 16. e4 Qa4 17. Kb1 Bf4 18. exd5 Rxe1 19. Rxe1 Bxd2 20. Nxd2 Rxd5 21. Qxh7 b6 22. Qe4 Rd7 23. h4 Nc4 24. Nxc4 Qxc4 25.
Qe8+ Rd8 26. Qe6+ Kb7 27. Qxc4 1-0

[Event "Late-Titled-Tuesday-Blitz-June-04-2024"]
[Site "Chess.com"]
[Date "2024.06.04"]
[Round "8"]
[White "tactic"]
[Black "rikchessmx"]
[Result "1-0"]
[WhiteElo "2549"]
[BlackElo "2343"]
[TimeControl "180+1"]
[EndTime "15:22:55 PDT"]
[Termination "tactic won by resignation"]

1. Nf3 Nf6 2. g3 e6 3. Bg2 d5 4. O-O c6 5. d4 Nbd7 6. c4 dxc4 7. a4 b5 8. Ne5 Nxe5 9. dxe5 Qxd1 10. Rxd1 Nd5 11.
axb5 cxb5 12. Nc3 Bb7 13. Nxb5 Bc5 14. e4 Nb4 15. Nc7+ Ke7 16. Nxa8 Rxa8 17. Bg5+ f6 18. exf6+ gxf6 19. Be3 Bxe3 20. fxe3 Nd3 21. b3 Nb2 22. Rdc1 a5 23. Ra2 Nd3 24. Rxc4 Kd7 25. Rd2 1-0

[Event "Late-Titled-Tuesday-Blitz-June-04-2024"]
[Site "Chess.com"]
[Date "2024.06.04"]
[Round "8"]
[White "Kacparov"]
[Black "Jospem"]
[Result "1/2-1/2"]
[WhiteElo "2926"]
[BlackElo "3036"]
[TimeControl "180+1"]
[EndTime "15:23:25 PDT"]
[Termination "Game drawn by repetition"]

1. e4 c5 2. Nf3 d6 3. d4 cxd4 4. Nxd4 Nf6 5. f3 e5 6. Nb3 Be6 7. c4 a5 8. Be3 a4 9. N3d2 Qa5 10. Nc3 Be7 11. Be2 O-O 12. Nd5 Bd8 13. O-O Bxd5 14. cxd5 Bb6 15. Nc4 Bxe3+ 16. Nxe3 Rc8 17. Kh1 Nbd7 18.
Nf5 Rc5 19. Nxd6 Qc7 20. Nf5 g6 21. Ne3 b5 22. Qd2 Rc8 23. a3 Ne8 24. d6 Qxd6 25.
Qxd6 Nxd6 26. Rfd1 R8c6 27. Nd5 Kf8 28. Nb4 Rb6 29. Nd5 Rbc6 30. Nb4 Rb6 31. Nd5 Rbc6 1/2-1/2

[Event "Late-Titled-Tuesday-Blitz-June-04-2024"]
[Site "Chess.com"]
[Date "2024.06.04"]
[Round "8"]
[White "Kimkibo"]
[Black "CMmauricio"]
[Result "0-1"]
[WhiteElo "2363"]
[BlackElo "2772"]
[TimeControl "180+1"]
[EndTime "15:23:25 PDT"]
[Termination "CMmauricio won by resignation"]

1. d4 f5 2. e4 fxe4 3. Nc3 Nf6 4. Bg5 Nc6 5. Bc4 d5 6. Bb3 e6 7. Qe2 Bb4 8. f3 Nxd4 9. Qd2 Nxb3 10. axb3 h6 11.
Bh4 e3 12. Qd3 Bxc3+ 13. bxc3 O-O 14. Qxe3 e5 15. Ne2 Qd6 16. O-O-O Bf5 17. Bg3 Qa3+ 18. Kd2 Rfe8 19. Ra1 Qd6 20. Kc1 c5 21. Rd1 d4 22.
Qf2 Qc6 23. Kb2 Nd5 24. c4 Nb4 25. Rd2 Bxc2 26. Rxc2 Nd3+ 0-1

[Event "Late-Titled-Tuesday-Blitz-June-04-2024"]
[Site "Chess.com"]
[Date "2024.06.04"]
[Round "8"]
[White "KVAIDAN"]
[Black "katharinareinecke"]
[Result "1-0"]
[WhiteElo "2352"]
[BlackElo "1995"]
[TimeControl "180+1"]
[EndTime "15:23:26 PDT"]
[Termination "KVAIDAN won on time"]

1. f4 Nh6 2. Nf3 g6 3. e4 Bg7 4. d4 O-O 5. Nc3 c6 6. f5 d5 7. Bxh6 Bxh6 8. fxg6 fxg6 9. Qd3 dxe4 10. Qxe4 Bf5 11. Bc4+ Kh8 12. Qh4 Be3 13. Ng5 Bxg5 14.
Qxg5 Qxd4 15. Be2 e5 16. Rd1 Qf4 17. Qe7 Nd7 18. Rf1 Qxh2 19. Rxd7 Qg3+ 20. Kd1 g5 21.
Rxf5 1-0

[Event "Late-Titled-Tuesday-Blitz-June-04-2024"]
[Site "Chess.com"]
[Date "2024.06.04"]
[Round "8"]
[White "teresin05"]
[Black "Fore_Man"]
[Result "0-1"]
[WhiteElo "2307"]
[BlackElo "2234"]
[TimeControl "180+1"]
[EndTime "15:23:26 PDT"]
[Termination "Fore_Man won by checkmate"]

1. e4 Nc6 2. d4 d5 3. e5 f6 4. f4 fxe5 5. fxe5 Bf5 6. Nf3 Qd7 7. Bb5 O-O-O 8. Nc3 e6 9. Bg5 Be7 10. Qd2 Bxg5 11. Nxg5 Nh6 12. h3 Nf7 13. O-O-O Nxg5 14. Qxg5 a6 15. Bxc6 Qxc6 16. g4 Bg6 17. h4 b5 18.
a3 a5 19. h5 Bxc2 20. Kxc2 b4 21. axb4 axb4 22. Qxg7 bxc3 23. bxc3 Rhg8 24. Qxh7 Rxg4 25. Rhg1 Rf4 26. Rg2 Qc4 27. Qg6 Qa2+ 28. Kd3 Rf3# 0-1

[Event "Late-Titled-Tuesday-Blitz-June-04-2024"]
[Site "Chess.com"]
[Date "2024.06.04"]
[Round "8"]
[White "topce"]
[Black "TanitoluwaAps116"]
[Result "1-0"]
[WhiteElo "2500"]
[BlackElo "2688"]
[TimeControl "180+1"]
[EndTime "15:23:27 PDT"]
[Termination "topce won on time"]

1. c4 e5 2. Nc3 Nc6 3. Nf3 Nf6 4. e4 Bc5 5. Nxe5 Nxe5 6. d4 Bd6 7.
c5 Ng6 8. cxd6 cxd6 9. d5 O-O 10. Be2 b5 11. f3 b4 12. Nb1 Qb6 13. Qd3 Ne5 14. Qb5 1-0

[Event "Late-Titled-Tuesday-Blitz-June-04-2024"]
[Site "Chess.com"]
[Date "2024.06.04"]
[Round "8"]
[White "AlphaPerseii"]
[Black "Jahonas"]
[Result "1-0"]
[WhiteElo "2365"]
[BlackElo "2433"]
[TimeControl "180+1"]
[EndTime "15:23:31 PDT"]
[Termination "AlphaPerseii won by resignation"]

1. e4 c6 2. d4 d5 3. e5 Bf5 4. h4 h5 5. c4 e6 6. Nc3 Ne7 7. Nge2 dxc4 8. Ng3 Bg6 9. Bg5 Qa5 10.
Bxc4 Nd5 11. O-O Nxc3 12. bxc3 Nd7 13. Bd3 Bxd3 14. Qxd3 Ba3 15. Rab1 Nb6 16. f4 Qd5 17. f5 c5 18. fxe6 Qxe6 19. c4 cxd4 20. Qxa3 f6 21.
exf6 1-0

[Event "Late-Titled-Tuesday-Blitz-June-04-2024"]
[Site "Chess.com"]
[Date "2024.06.04"]
[Round "8"]
[White "dosto07"]
[Black "MrEscacs"]
[Result "1-0"]
[WhiteElo "2510"]
[BlackElo "2173"]
[TimeControl "180+1"]
[EndTime "15:23:35 PDT"]
[Termination "dosto07 won by resignation"]

1. e4 Nf6 2. e5 Nd5 3. d4 d6 4. Nf3 Bg4 5. Be2 e6 6. O-O Be7 7. c4 Nb6 8. h3 Bh5 9. Nc3 O-O 10. Be3 d5 11. c5 Bxf3 12. gxf3 Nc8 13. f4 Bh4 14. Bd3 g6 15. Kh2 Ne7 16. Rg1 Kh8 17.
Rg4 Nf5 18. Ne2 Nc6 19. Bxf5 gxf5 20. Rg2 Qe7 21. Ng1 Rg8 22. Rxg8+ Rxg8 23. Qh5 Rg7 24.
Nf3 1-0

[Event "Late-Titled-Tuesday-Blitz-June-04-2024"]
[Site "Chess.com"]
[Date "2024.06.04"]
[Round "8"]
[White "rezamahdavi2008"]
[Black "nihalsarin"]
[Result "1-0"]
[WhiteElo "2955"]
[BlackElo "3213"]
[TimeControl "180+1"]
[EndTime "15:23:43 PDT"]
[Termination "rezamahdavi2008 won by resignation"]

1. e4 f6 2. d4 a5 3. Nc3 e6 4. Nf3 a4 5. a3 c6 6. Bd3 b5 7. O-O Na6 8. Re1 Nc7 9. d5 e5 10. Nxe5 g6 11. Nf3 Bh6 12. e5 Bxc1 13. exf6+ Kf8 14.
Rxc1 Nxf6 15. dxc6 dxc6 16. Ne5 Bb7 17. Qf3 Kg7 18.
Nxb5 Rf8 19. Nxc6 Qd7 20. Qg3 Ncd5 21. Ne5 Qd8 22. Nxg6 hxg6 23. Qxg6+ Kh8 24. Qh6+ Kg8 25. Re5 Ne7 26. Rg5+ Kf7 27. Bg6+ Ke6 28. Qh3+ 1-0

[Event "Late-Titled-Tuesday-Blitz-June-04-2024"]
[Site "Chess.com"]
[Date "2024.06.04"]
[Round "8"]
[White "ericovski"]
[Black "Bryanl106"]
[Result "0-1"]
[WhiteElo "2574"]
[BlackElo "2720"]
[TimeControl "180+1"]
[EndTime "15:23:53 PDT"]
[Termination "Bryanl106 won by resignation"]

1. d4 Nf6 2. c4 c5 3. d5 g6 4. Nc3 Bg7 5. Nf3 d6 6. e4 O-O 7.
Bd3 e6 8. O-O exd5 9. cxd5 Bg4 10. Bf4 Re8 11. Re1 a6 12. a4 Nh5 13. Be3 Nd7 14.
h3 Bxf3 15. Qxf3 Ne5 16. Qe2 Qh4 17. Bc2 Nf4 18. Bxf4 Qxf4 19. g3 Nf3+ 20. Kh1 Qf6 21. Red1 Nd4 22. Qd2 Re5 23. f4 Rh5 24. Kg2 g5 25.
Rf1 gxf4 26. Rxf4 Qh6 27. h4 Kh8 28. Raf1 Be5 29. R4f2 Qxd2 30. Rxd2 Rg8 31. Rxf7 Rxg3+ 32. Kf1 Rxh4 33. Ne2 Rh1+ 34. Kf2 Rh2+ 35. Kf1 Nf3 36. Nxg3 Nxd2+ 37. Kg1 Bxg3 0-1

[Event "Late-Titled-Tuesday-Blitz-June-04-2024"]
[Site "Chess.com"]
[Date "2024.06.04"]
[Round "8"]
[White "KingCyber19"]
[Black "Romkachess"]
[Result "0-1"]
[WhiteElo "2606"]
[BlackElo "2532"]
[TimeControl "180+1"]
[EndTime "15:23:59 PDT"]
[Termination "Romkachess won by resignation"]

1. d4 Nf6 2. c4 e6 3. Nc3 Bb4 4. e3 O-O 5. Bd3 d5 6. Ne2 c5 7.
O-O cxd4 8. exd4 dxc4 9. Bxc4 b6 10. d5 exd5 11. Nxd5 Nc6 12. Qa4 Nxd5 13. Qxc6 Be6 14. Nd4 Rc8 15. Qb5 Bc5 16. Nxe6 fxe6 17. Bd2 Rxf2 18. Rxf2 Bxf2+ 19. Kxf2 Qh4+ 20. Kg1 Qxc4 21. Qd7 Nf6 22. Bc3 Nxd7 0-1

[Event "Late-Titled-Tuesday-Blitz-June-04-2024"]
[Site "Chess.com"]
[Date "2024.06.04"]
[Round "8"]
[White "Synctel"]
[Black "YellowJacek"]
[Result "1-0"]
[WhiteElo "2107"]
[BlackElo "2371"]
[TimeControl "180+1"]
[EndTime "15:24:03 PDT"]
[Termination "Synctel won by resignation"]

1. d4 Nf6 2. Nf3 g6 3. Bf4 Bg7 4. e3 d6 5. h3 O-O 6. Be2 Be6 7.
O-O c5 8. c3 Qb6 9. Qc1 Rc8 10.
Nbd2 Nc6 11. dxc5 Qxc5 12. Nb3 Qb6 13. Nbd4 Bd7 14. Nxc6 Bxc6 15. Bh2 a6 16. Nd4 Bd7 17. Bf3 Rab8 18. Qd2 Qc7 19. a4 b5 20. axb5 axb5 21. Ra3 e5 22. Nc2 Be6 23. Rfa1 d5 24. Nb4 e4 25.
Be2 Qd8 26. Bxb8 Rxb8 27. Nc6 Qe8 28. Nxb8 Qxb8 29. Ra8 1-0

[Event "Late-Titled-Tuesday-Blitz-June-04-2024"]
[Site "Chess.com"]
[Date "2024.06.04"]
[Round "8"]
[White "lachesisQ"]
[Black "crazy_but_lazy"]
[Result "1-0"]
[WhiteElo "3033"]
[BlackElo "2666"]
[TimeControl "180+1"]
[EndTime "15:24:05 PDT"]
[Termination "lachesisQ won by resignation"]

1. e4 c5 2. Nf3 Nc6 3. Bb5 g6 4. O-O Bg7 5. Re1 Nf6 6. Bxc6 dxc6 7. d3 Nd7 8. e5 Nf8 9. Nbd2 Bg4 10. h3 Bxf3 11.
Nxf3 Ne6 12. b3 Qd5 13. Bb2 Rd8 14. Qc1 O-O 15. Re4 b6 16. Qe3 h6 17. a4 a5 18.
Re1 Kh7 19. Nd2 Nd4 20. Bxd4 cxd4 21. Qe2 b5 22. Ra1 Qc5 23. Nf3 Rd5 24. axb5 Qxb5 25. Ra4 Rfd8 26. Nxd4 Qc5 27. Rc4 Qa3 28. Nxc6 Qa1+ 29.
Kh2 Re8 30. Qf3 f5 31. exf6 Rg5 1-0

[Event "Late-Titled-Tuesday-Blitz-June-04-2024"]
[Site "Chess.com"]
[Date "2024.06.04"]
[Round "8"]
[White "TheoSlade"]
[Black "hansen"]
[Result "0-1"]
[WhiteElo "2480"]
[BlackElo "3023"]
[TimeControl "180+1"]
[EndTime "15:24:08 PDT"]
[Termination "hansen won by resignation"]

1. d4 Nf6 2. c4 e6 3. g3 Bb4+ 4. Nd2 O-O 5. Bg2 d5 6. Nf3 c6 7. O-O a5 8. Qc2 b6 9. a3 Be7 10. e4 h6 11. e5 Nfd7 12. cxd5 cxd5 13. Rd1 Ba6 14. Bf1 Qc8 15. Qxc8 Rxc8 16. Bxa6 Nxa6 17.
Nf1 a4 18. Ne3 b5 19. Bd2 Nb6 20. Rdc1 Nc4 21. Nxc4 bxc4 22. Bc3 Rab8 23. Nd2 Rb5 24. f4 Rcb8 25. Kf2 Bd8 26. Rc2 R8b7 27. Rac1 Nb8 28.
Ke2 Nc6 29. Rb1 Ba5 30. Bxa5 Nxd4+ 31. Kd1 Nxc2 32. Kxc2 Rxa5 33. Nf3 Rb3 34. Nd4 Rd3 35. Rd1 Rxd1 36. Kxd1 Ra6 37. Kc2 Rb6 38. Ne2 Rb3 39.
Nc3 d4 40. Nxa4 Rb5 41. b4 cxb3+ 42. Kb2 f6 43. exf6 gxf6 0-1

[Event "Late-Titled-Tuesday-Blitz-June-04-2024"]
[Site "Chess.com"]
[Date "2024.06.04"]
[Round "8"]
[White "Larax"]
[Black "Harry_Rakkel"]
[Result "1-0"]
[WhiteElo "2539"]
[BlackElo "2686"]
[TimeControl "180+1"]
[EndTime "15:24:10 PDT"]
[Termination "Larax won by checkmate"]

1. e4 c5 2. Nf3 e6 3. d4 cxd4 4.
Nxd4 Nc6 5. Nc3 Qc7 6. Be3 a6 7. Qf3 Nf6 8. O-O-O Ne5 9. Qg3 h5 10. f4 Neg4 11. Bg1 Bb4 12. e5 Bxc3 13. exf6 Bxd4 14.
Bxd4 g6 15. Bd3 Nh6 16. Rhe1 b5 17. Be5 Qa5 18. Be4 Ra7 19. Qe3 Rb7 20. Bxb7 Bxb7 21.
Qa7 Bc8 22. Qc5 Bb7 23. Qe7# 1-0

[Event "Late-Titled-Tuesday-Blitz-June-04-2024"]
[Site "Chess.com"]
[Date "2024.06.04"]
[Round "8"]
[White "Sl4werThanYou"]
[Black "FuenfgegenWilly"]
[Result "1-0"]
[WhiteElo "2740"]
[BlackElo "2502"]
[TimeControl "180+1"]
[EndTime "15:24:13 PDT"]
[Termination "Sl4werThanYou won by resignation"]

1. d4 d5 2. c4 e5 3. dxe5 d4 4.
Nf3 Nc6 5. g3 Nge7 6. Bg2 Ng6 7.
O-O Ngxe5 8. Nxe5 Nxe5 9. e3 Bc5 10. b4 Be7 11. c5 Bg4 12. f3 Bh5 13. g4 Bg6 14. f4 Bd3 15. fxe5 Bxf1 16. Qxf1 dxe3 17.
Bxe3 O-O 18. Nc3 Bg5 19. Qf2 Qe7 20. Nd5 Qxe5 21. Bd4 Qe8 22. Nxc7 Qd7 23. Nxa8 Rxa8 24. Re1 Rd8 25. Be3 Qxg4 26. Bxg5 Qxg5 27. Kh1 h5 28. Bxb7 Rd2 29. Re8+ Kh7 30. Be4+ f5 31. Qxf5+ Qxf5 32. Bxf5+ g6 33. c6 h4 34. c7 h3 35. Bxh3 1-0

[Event "Late-Titled-Tuesday-Blitz-June-04-2024"]
[Site "Chess.com"]
[Date "2024.06.04"]
[Round "8"]
[White "meme0105"]
[Black "mfschulz"]
[Result "0-1"]
[WhiteElo "1883"]
[BlackElo "2246"]
[TimeControl "180+1"]
[EndTime "15:24:13 PDT"]
[Termination "mfschulz won by resignation"]

1. e4 g6 2. d4 Bg7 3. f4 d5 4. e5 h5 5. c4 c6 6. Nf3 Nh6 7. h3 Bf5 8. Nc3 O-O 9. Qb3 dxc4 10. Qxb7 Qb6 11. Qxb6 axb6 12. Bxc4 e6 13. Nh4 Rd8 14. Be3 Na6 15. a3 Nb4 16. Kf2 Nc2 17. Rac1 Nxd4 18. Nxf5 Nhxf5 19. g4 hxg4 20. hxg4 Nxe3 21. Kxe3 c5 22. Nb5 Nxb5 23. Bxb5 Rd4 24. Rc4 Rad8 25. Rh2 g5 26. Rf2 gxf4+ 27. Rxf4 Bh6 28. Kf3 Bxf4 29.
b4 Rxc4 30. Bxc4 Bxe5 31. bxc5 bxc5 32. a4 Rd4 33. Bb5 Rf4+ 34. Kg3 Rxa4+ 35. Kh4 Rb4 36. Bc6 Kg7 37. Kh5 Rb2 0-1

[Event "Late-Titled-Tuesday-Blitz-June-04-2024"]
[Site "Chess.com"]
[Date "2024.06.04"]
[Round "8"]
[White "Smoking_Crow"]
[Black "Bob_2004"]
[Result "1-0"]
[WhiteElo "2560"]
[BlackElo "2626"]
[TimeControl "180+1"]
[EndTime "15:24:21 PDT"]
[Termination "Smoking_Crow won by resignation"]

1. e4 c5 2. Nf3 Nf6 3. e5 Nd5 4. Nc3 Nxc3 5. dxc3 Nc6 6. Bf4 h6 7.
Bc4 e6 8. Qe2 Qc7 9. h4 Na5 10.
Bd3 c4 11. Be4 f5 12. Nd4 fxe4 13. Qh5+ Kd8 14. Bg5+ Be7 15. O-O-O Qb6 16. Qg6 hxg5 17. Nxe6+ Qxe6 18. Qxe6 Nc6 19. Qxc4 gxh4 20. Qxe4 Rf8 21.
f4 Kc7 22. Kb1 d6 23. exd6+ Bxd6 24. Qg6 Be7 25. Qxg7 Rxf4 26. Rhe1 Kb6 27. Rxe7 Nxe7 28.
Qh6+ Nc6 29. Qxf4 h3 30. gxh3 Bxh3 31. Qe3+ 1-0

[Event "Late-Titled-Tuesday-Blitz-June-04-2024"]
[Site "Chess.com"]
[Date "2024.06.04"]
[Round "8"]
[White "ZverevLev"]
[Black "alexrustemov"]
[Result "1-0"]
[WhiteElo "2670"]
[BlackElo "2809"]
[TimeControl "180+1"]
[EndTime "15:24:22 PDT"]
[Termination "ZverevLev won by checkmate"]

1. e4 e6 2. d4 d5 3. exd5 exd5 4. Nf3 Nf6 5. Bd3 Be7 6. O-O O-O 7. h3 Re8 8. Re1 Nbd7 9. c4 c6 10. Nc3 dxc4 11. Bxc4 Nb6 12. Bb3 Nfd5 13. Ne5 Be6 14.
Ne4 Nc7 15. Bc2 Nbd5 16. a3 Nb5 17. Qd3 g6 18. Bh6 Nf6 19. Ng5 Nxd4 20. Rad1 c5 21. Nexf7 Bxf7 22. Nxf7 Kxf7 23. Bb3+ Nd5 24. Qe4 Bh4 25.
Bxd5+ Kf6 26. Qxh4+ Kf5 27. g4# 1-0

[Event "Late-Titled-Tuesday-Blitz-June-04-2024"]
[Site "Chess.com"]
[Date "2024.06.04"]
[Round "8"]
[White "HowTo2Draw"]
[Black "jucAxx"]
[Result "0-1"]
[WhiteElo "2593"]
[BlackElo "2408"]
[TimeControl "180+1"]
[EndTime "15:24:32 PDT"]
[Termination "jucAxx won on time"]

1. e4 e6 2. d4 d5 3. Nc3 Bb4 4.
Ne2 Ne7 5. a3 Ba5 6. b4 Bb6 7. e5 Bd7 8. Bg5 h6 9. Bxe7 Qxe7 10. g3 Nc6 11. Bg2 a6 12. O-O O-O 13. Kh1 f6 14. Nf4 Bxd4 15. Ncxd5 exd5 16. Bxd5+ Kh7 17. Qd3+ f5 18. Rae1 Bxe5 19. Kg1 Qf6 20. Nh5 Qg6 21. Bf3 Rad8 22. Qe2 Nd4 23. Qd1 Bc6 24. Bxc6 Qxc6 25.
f4 Nxc2 0-1

[Event "Late-Titled-Tuesday-Blitz-June-04-2024"]
[Site "Chess.com"]
[Date "2024.06.04"]
[Round "8"]
[White "Supelyel"]
[Black "NovakRatko"]
[Result "1-0"]
[WhiteElo "2427"]
[BlackElo "2304"]
[TimeControl "180+1"]
[EndTime "15:24:46 PDT"]
[Termination "Supelyel won by checkmate"]

1. c4 c6 2. Nf3 d5 3. b3 f6 4. d4 Bg4 5. Bb2 Nd7 6. Nbd2 e6 7.
e4 Bb4 8. Qc2 dxe4 9. Qxe4 Qe7 10. Qxg4 Nh6 11. Qe4 f5 12. Qe2 O-O-O 13. a3 Ba5 14. b4 Bc7 15. O-O-O g5 16. h3 g4 17. hxg4 Nxg4 18. d5 e5 19. dxc6 bxc6 20. Kb1 h5 21. c5 Kb8 22. Nc4 e4 23. Nd4 Kb7 24. Na5+ Ka8 25. Naxc6 Qf7 26. Qa6 Bb8 27. Nxd8 Rxd8 28. Qc6# 1-0

[Event "Late-Titled-Tuesday-Blitz-June-04-2024"]
[Site "Chess.com"]
[Date "2024.06.04"]
[Round "8"]
[White "Heinza9"]
[Black "Arteler"]
[Result "1-0"]
[WhiteElo "2340"]
[BlackElo "2218"]
[TimeControl "180+1"]
[EndTime "15:24:47 PDT"]
[Termination "Heinza9 won by resignation"]

1. c4 Nf6 2. Nc3 e6 3. e4 d5 4.
e5 Nfd7 5. cxd5 exd5 6. d4 c6 7. Nf3 Nb6 8. Bd3 Bb4 9. h4 Bg4 10. h5 h6 11. a3 Be7 12. Bf4 Bg5 13. Qd2 Bxf4 14. Qxf4 Bxf3 15. Qxf3 Qg5 16. Rh3 N8d7 17.
Rg3 Qh4 18. O-O-O Qxd4 19. e6 Nf6 20. exf7+ Kd8 21. Rxg7 Qe5 22. Rg6 Nbd7 23. Bf5 Kc7 24. Bxd7 Nxd7 25. Rd2 Qe7 26. Qf4+ Qd6 27. Rxd6 1-0

[Event "Late-Titled-Tuesday-Blitz-June-04-2024"]
[Site "Chess.com"]
[Date "2024.06.04"]
[Round "8"]
[White "PawnEatingZombie"]
[Black "dealshark"]
[Result "1-0"]
[WhiteElo "2274"]
[BlackElo "2389"]
[TimeControl "180+1"]
[EndTime "15:24:48 PDT"]
[Termination "PawnEatingZombie won by resignation"]

1. e4 c6 2. Nf3 d5 3. d3 dxe4 4. dxe4 Qxd1+ 5. Kxd1 Bg4 6. Be2 e6 7.
Ne1 Bxe2+ 8. Kxe2 Nd7 9. Nd3 O-O-O 10. Be3 b6 11. Nd2 Kc7 12. a4 Ngf6 13. f3 c5 14.
Nc4 Be7 15. Rhd1 h6 16. c3 Rhf8 17. b4 Ne8 18. b5 f6 19. a5 Nd6 20. axb6+ axb6 21. Nxd6 Bxd6 22. Ra7+ Kc8 23. Rda1 Bb8 24. R7a6 Kb7 25.
g3 f5 26. Nb2 fxe4 27. fxe4 Ne5 28. Bf4 Rd7 29. Bxe5 Bxe5 30. Nc4 Bc7 31. Ra7+ Kc8 32.
Ra8+ Bb8 33. Nxb6+ Kc7 34. Nxd7 Kxd7 35. R1a7+ 1-0

[Event "Late-Titled-Tuesday-Blitz-June-04-2024"]
[Site "Chess.com"]
[Date "2024.06.04"]
[Round "8"]
[White "djano"]
[Black "JoakimVonAnd"]
[Result "0-1"]
[WhiteElo "2622"]
[BlackElo "2782"]
[TimeControl "180+1"]
[EndTime "15:24:50 PDT"]
[Termination "JoakimVonAnd won by checkmate"]

1. e4 c6 2. d4 d5 3. exd5 cxd5 4. Bd3 Nc6 5. c3 Qc7 6. Ne2 e6 7. Bf4 Bd6 8. Bxd6 Qxd6 9. O-O Nge7 10. Nd2 O-O 11.
Nf3 f6 12. c4 b6 13. Rc1 Bb7 14. Qc2 h6 15. a3 Rac8 16. Qd2 dxc4 17. Bxc4 Na5 18. Ba2 Bxf3 19. gxf3 Nd5 20. Ng3 Qf4 21. Qd1 Nc6 22. Re1 Nxd4 23. Rxc8 Rxc8 24. Kg2 Qh4 25.
Re4 Nf4+ 26. Kh1 Nxf3 27. Nf1 Qxf2 28. Rxf4 Qg1# 0-1

[Event "Late-Titled-Tuesday-Blitz-June-04-2024"]
[Site "Chess.com"]
[Date "2024.06.04"]
[Round "8"]
[White "Zhigalko_Sergei"]
[Black "Polish_fighter3000"]
[Result "0-1"]
[WhiteElo "2909"]
[BlackElo "3072"]
[TimeControl "180+1"]
[EndTime "15:24:57 PDT"]
[Termination "Polish_fighter3000 won on time"]

1. e4 e6 2. d4 d5 3. e5 c5 4. c3 Qb6 5. Nf3 Nc6 6. a3 c4 7. Nbd2 Na5 8. Be2 Bd7 9. O-O Ne7 10. h4 Qc7 11. h5 f6 12. Qe1 Nec6 13.
Bd1 O-O-O 14. Bc2 Kb8 15. Qe2 fxe5 16. Nxe5 Nxe5 17. dxe5 g6 18. Re1 Rg8 19. hxg6 hxg6 20. Qg4 g5 21. Nf3 Bc5 22. Be3 Rdf8 23. Rad1 Bxe3 24. Rxe3 Nc6 25. Qg3 Qb6 26. Rb1 g4 27. Nh2 d4 28. cxd4 Nxd4 29. Be4 Nf3+ 30. Kh1 Nd2 31.
Rd1 Qxb2 32. Nxg4 Ba4 33. Rde1 c3 34. f3 c2 35. Bxb7 Kxb7 0-1

[Event "Late-Titled-Tuesday-Blitz-June-04-2024"]
[Site "Chess.com"]
[Date "2024.06.04"]
[Round "8"]
[White "Mikhal867"]
[Black "Navyblue1"]
[Result "1-0"]
[WhiteElo "2477"]
[BlackElo "2196"]
[TimeControl "180+1"]
[EndTime "15:24:59 PDT"]
[Termination "Mikhal867 won by resignation"]

1. c4 Nf6 2. Nc3 g6 3. e4 d6 4. d4 Bg7 5. f3 O-O 6. Be3 c5 7. Nge2 cxd4 8. Nxd4 Nc6 9. Qd2 Nxd4 10. Bxd4 Be6 11.
b3 Qa5 12. Be2 Rab8 13. O-O a6 14. Rfd1 Ne8 15. Kh1 Bxd4 16. Qxd4 Ng7 17. f4 Bd7 18. Nd5 Rfe8 19. Bf3 Bc6 20. g4 Ne6 21. Qe3 Qc5 22. Qd2 a5 23. f5 Bxd5 24. exd5 Ng7 25. Qf4 f6 26. fxg6 hxg6 27. Be4 g5 28. Qf3 Kf7 29. Bc2 Qd4 30. Rxd4 1-0

[Event "Late-Titled-Tuesday-Blitz-June-04-2024"]
[Site "Chess.com"]
[Date "2024.06.04"]
[Round "8"]
[White "CarlosjPineror"]
[Black "wonderfultime"]
[Result "0-1"]
[WhiteElo "2677"]
[BlackElo "3033"]
[TimeControl "180+1"]
[EndTime "15:25:04 PDT"]
[Termination "wonderfultime won by resignation"]

1. e4 c5 2. Nf3 Nf6 3. d3 Nc6 4. Nbd2 g6 5. g3 Bg7 6. Bg2 O-O 7. O-O d6 8. h3 Nd7 9. c3 b5 10. a4 b4 11. c4 Bb7 12. Rb1 e6 13. b3 Nd4 14. Nxd4 cxd4 15. f4 Nc5 16. Qc2 f5 17.
Re1 Qd7 18. exf5 gxf5 19. Nf3 Bf6 20. g4 Rae8 21. Bd2 a5 22. gxf5 exf5 23. Rxe8 Qxe8 24.
Re1 Qh5 25. Rf1 Kh8 26. Be1 Re8 27. Bg3 Re3 28. Bf2 Rxf3 0-1

[Event "Late-Titled-Tuesday-Blitz-June-04-2024"]
[Site "Chess.com"]
[Date "2024.06.04"]
[Round "8"]
[White "Alex_Banzea"]
[Black "Bond_7_7_7"]
[Result "0-1"]
[WhiteElo "2591"]
[BlackElo "2462"]
[TimeControl "180+1"]
[EndTime "15:25:06 PDT"]
[Termination "Bond_7_7_7 won on time"]

1. d4 d5 2. Nc3 Nf6 3. Bf4 a6 4. e3 h6 5. Bd3 c5 6. dxc5 e6 7.
b4 b6 8. Nf3 bxc5 9. bxc5 Qa5 10. Qd2 Bxc5 11. Ne2 Qxd2+ 12. Nxd2 Nc6 13. Nb3 Be7 14.
Ned4 Nxd4 15. Nxd4 Nh5 16. Rb1 Nxf4 17. exf4 g5 18.
fxg5 hxg5 19. O-O e5 20. Nf5 e4 21. Nxe7 Kxe7 22. Be2 Ra7 23. Rb6 Be6 24. a4 Rc8 25. Bxa6 Rxc2 26. Ra1 d4 27. Rb7+ Rxb7 28. Bxb7 f5 29. a5 d3 30. a6 d2 31. Rd1 Rc1 0-1